Kings vs Stars
Created - March 3, 2024 at 22:46
Goals
|
| Kings |
2 |
0 |
0 |
2 |
| Stars |
2 |
1 |
1 |
4 |
|
Shots
|
| Kings |
11 |
15 |
2 |
28 |
| Stars |
18 |
6 |
11 |
35 |
|
1st period
1. Kings , Chris Tierney 14 (Auston Matthews 22, Jared Cowen 13) at 1:37
2. Kings , Mitch Marner 17 (John Tavares 30, Matt Martin 9) at 8:41
3. Stars , Scott Kosmachuck 10 (Evgeny Grachev 24, Alex Chiasson 19) at 11:20
4. Stars , Evgeny Grachev 19 (Tyler Wotherspoon 8, Anton Cederholm 6) at 14:38
Penalties :
Paul Ladue (Dal) for Hooking (Minor) at 12:06
2nd period
5. Stars , Henrik Borgstrom 5 (Adam Tambellini 1, Scott Kosmachuck 12) at 5:49
Penalties :
No Penalty
3rd period
6. Stars , Tobias Rieder 11 (Cam Atkinson 20, Anton Cederholm 7) at 5:48
Penalties :
Sam Bennett (L.A) for Tripping (Minor) at 3:30
Goalie Stats
Ondrej Pavelec (L.A), 31 saves from 35 shots - (0.886), L, 25-14-3, 60:00 minutes
Jhonas Enroth (Dal), 26 saves from 28 shots - (0.929), W, 8-6-1, 60:00 minutes
Players Stats for Kings
Player Name G A P +/- PIM S H SB GA TA FO MP PP MP PK MP
------------------------------------------------------------------------------------
Aaron Ekblad 0 0 0 -1 0 0 1 0 0 1 0/0 20:53 0:00 1:03
Adam Fox 0 0 0 0 0 1 0 0 0 2 0/0 18:31 0:00 0:00
Adrian Kempe 0 0 0 -3 0 1 2 0 0 0 0/0 13:34 0:36 0:26
Auston Matthews 0 1 1 0 0 1 1 0 0 0 7/16 17:09 1:27 0:00
Chris Tierney 1 0 1 0 0 1 0 3 0 1 0/1 17:13 0:00 1:10
Colton Parayko 0 0 0 0 0 1 1 1 1 1 0/0 20:48 0:00 0:56
Garnet Hathaway 0 0 0 -1 0 1 3 0 0 0 0/3 12:38 0:00 1:10
Jared Cowen 0 1 1 0 0 2 0 0 0 0 0/0 19:27 0:00 0:56
John Tavares 0 1 1 -1 0 4 2 1 2 0 6/15 19:01 1:23 0:49
Jonathan Drouin 0 0 0 0 0 2 0 0 0 0 1/1 13:37 0:32 0:00
Marc Staal 0 0 0 -1 0 0 1 1 0 1 0/0 17:48 0:00 1:03
Matt Martin 0 1 1 0 0 1 1 0 0 0 0/0 16:21 0:00 0:23
Matthew Tkachuk 0 0 0 -1 0 1 1 0 1 0 0/1 10:50 0:32 0:00
Mikko Rantanen 0 0 0 0 0 7 1 0 0 0 0/1 17:10 1:27 0:00
Mitch Marner 1 0 1 0 0 2 0 1 0 0 0/0 17:55 1:27 0:00
Quinn Hughes 0 0 0 0 0 1 0 1 0 0 0/0 17:43 1:23 0:00
Sam Bennett 0 0 0 -1 2 2 1 0 0 1 3/6 14:05 0:32 0:00
William Nylander 0 0 0 -1 0 0 1 0 0 0 0/0 13:17 0:36 0:00
Players Stats for Stars
Player Name G A P +/- PIM S H SB GA TA FO MP PP MP PK MP
------------------------------------------------------------------------------------
Adam Tambellini 0 1 1 2 0 0 1 0 0 0 0/0 10:38 0:00 0:00
Alex Chiasson 0 1 1 0 0 6 0 0 1 0 1/1 17:15 0:53 0:00
Andrej Sustr 0 0 0 0 0 1 2 0 0 1 0/0 25:03 0:51 1:07
Anton Cederholm 0 2 2 1 0 3 1 1 0 1 0/0 15:07 0:00 0:00
Ben Chiarot 0 0 0 1 0 2 2 2 0 0 0/0 19:42 1:08 0:52
Brian Lee 0 0 0 1 0 0 0 1 0 0 0/0 20:13 1:08 1:31
Cam Atkinson 0 1 1 0 0 1 1 0 1 0 0/0 12:34 0:00 0:00
Evgeny Grachev 1 1 2 1 0 4 3 2 0 0 5/10 18:08 0:53 0:34
Evgeny Kuznetsov 0 0 0 0 0 0 2 0 0 0 1/1 12:15 0:00 0:00
Guillaume Latendresse 0 0 0 1 0 1 3 0 1 0 0/0 18:24 0:53 0:34
Henrik Borgstrom 1 0 1 2 0 2 0 0 0 0 0/0 9:11 0:00 0:00
Jake Guentzel 0 0 0 -1 0 4 0 0 1 0 1/1 19:45 1:06 1:25
Michael Grabner 0 0 0 -1 0 1 1 0 0 0 0/0 18:19 1:06 0:00
Paul Ladue 0 0 0 1 2 0 1 1 1 2 0/0 24:28 0:51 0:00
Scott Kosmachuck 1 1 2 2 0 4 2 0 0 0 0/0 9:11 0:00 0:00
Sidney Crosby 0 0 0 -1 0 1 0 0 0 0 19/31 19:51 1:06 1:25
Tobias Rieder 1 0 1 0 0 3 1 0 2 0 0/0 12:13 0:00 0:00
Tyler Wotherspoon 0 1 1 1 0 2 0 0 0 0 0/0 15:43 0:00 0:28
3 Stars
1 - Scott Kosmachuck (Dal)
2 - Evgeny Grachev (Dal)
3 - Henrik Borgstrom (Dal)
Power Play
Kings - 0 on 1 Attempt(s) - 0.00%
Stars - 0 on 1 Attempt(s) - 0.00%
Penalty Kill
Kings - 1 on 1 Attempt(s) - 100.00%
- Score 0 goal in Penalty Kill
Stars - 1 on 1 Attempt(s) - 100.00%
- Score 0 goal in Penalty Kill
Team Stat
Kings - Hits : 16 - Faceoff Wins : 17 - Blocked Shots : 8 - Penalty Minutes : 2
Stars - Hits : 20 - Faceoff Wins : 27 - Blocked Shots : 7 - Penalty Minutes : 2
Official
Referees : Kelly Sutherland and Tom Chmielewski
Linesman : Tyson Baker and Ryan Galloway
Game Notes
No Game Note
Finance
Level 1 -- Attendance: 6000 (100.00%) -- Ticket Income $600,000
Level 2 -- Attendance: 4917 (98.34%) -- Ticket Income $295,020
Level 3 -- Attendance: 1924 (96.20%) -- Ticket Income $67,340
Level 4 -- Attendance: 3756 (93.90%) -- Ticket Income $93,900
Luxury Box -- Attendance: 1000 (100.00%) -- Ticket Income $200,000
Game was played at the American Airlines Center.
Total Attendance: 17597 (97.76%)
Total Ticket Income: $1,256,260
Other Income: $188,439
Total Income: $1,444,699
Kings
5 vs 5 Forward
Center Left Wing Right Wing Time % Phy DF OF
1 John Tavares Matt Martin Mitch Marner 30 1 1 3
2 Auston Matthews Chris Tierney Mikko Rantanen 30 1 2 2
3 Sam Bennett Jonathan Drouin William Nylander 20 1 2 2
4 Garnet Hathaway Adrian Kempe Matthew Tkachuk 20 2 2 1
5 vs 5 Defense
Defense Defense Time % Phy DF OF
1 Colton Parayko Aaron Ekblad 35 1 3 1
2 Jared Cowen Adam Fox 35 1 3 1
3 Marc Staal Quinn Hughes 30 0 2 3
4 Quinn Hughes Jared Cowen 0 1 2 2
PowerPlay Forward
Center Left Wing Right Wing Time % Phy DF OF
1 Auston Matthews Mikko Rantanen Mitch Marner 60 0 0 5
2 Sam Bennett Jonathan Drouin Matthew Tkachuk 40 0 0 5
PowerPlay Defense
Defense Defense Time % Phy DF OF
1 Quinn Hughes John Tavares 70 0 1 4
2 Adrian Kempe William Nylander 30 0 1 4
Penalty Kill 4 Players Forward
Center Wing Time % Phy DF OF
1 Chris Tierney Garnet Hathaway 60 1 2 2
2 Sam Bennett Matt Martin 40 1 2 2
Penalty Kill 4 Players Defense
Defense Defense Time % Phy DF OF
1 Colton Parayko Jared Cowen 60 1 2 2
2 Marc Staal Aaron Ekblad 40 1 2 2
Penalty Kill - 3 Players Forward
Forward Time % Phy DF OF
1 Chris Tierney 60 1 2 2
2 Sam Bennett 40 1 2 2
Penalty Kill - 3 Players Defense
Defense Defense Time % Phy DF OF
1 Colton Parayko Jared Cowen 60 1 2 2
2 Marc Staal Aaron Ekblad 40 1 2 2
4 vs 4 Forward
Center Wing Time % Phy DF OF
1 John Tavares Auston Matthews 60 1 2 2
2 Mitch Marner Mikko Rantanen 40 1 2 2
4 vs 4 Defense
Defense Defense Time % Phy DF OF
1 Aaron Ekblad Colton Parayko 60 1 2 2
2 Jared Cowen Adam Fox 40 1 2 2
Last Minutes Offensive
Center Left Wing Right Wing Defense Defense
John Tavares Mitch Marner Mikko Rantanen Aaron Ekblad Adam Fox
Last Minutes Defensive
Center Left Wing Right Wing Defense Defense
Sam Bennett Chris Tierney Matthew Tkachuk Marc Staal Jared Cowen
Goaltenders
Starting : Ondrej Pavelec
Backup : Igor Shesterkin
Extra Forwards
Normal : Sam Bennett, Chris Tierney, Auston Matthews - PP : Chris Tierney, Matt Martin - PK : John Tavares
Extra Defensemen
Normal : Aaron Ekblad, Jared Cowen, Marc Staal - PP : Colton Parayko - PK : Adam Fox, Quinn Hughes
Penalty Shots
John Tavares, Auston Matthews, Mikko Rantanen, William Nylander, Matt Martin
Custom OT Lines Forwards
John Tavares, Mikko Rantanen, Jonathan Drouin, Auston Matthews, Mitch Marner, William Nylander, Sam Bennett, Chris Tierney, Adrian Kempe, Matthew Tkachuk
Custom OT Lines Defensemen
Colton Parayko, Jared Cowen, Aaron Ekblad, Marc Staal, Adam Fox
Scratches
Frans Nielsen (Healthy), Jared Spurgeon (Healthy), Zac Rinaldo (Healthy)
Stars
5 vs 5 Forward
Center Left Wing Right Wing Time % Phy DF OF
1 Sidney Crosby Jake Guentzel Michael Grabner 40 1 2 2
2 Evgeny Grachev Guillaume Latendresse Alex Chiasson 30 1 2 2
3 Evgeny Kuznetsov Tobias Rieder Cam Atkinson 20 1 2 2
4 Henrik Borgstrom Adam Tambellini Scott Kosmachuck 10 1 2 2
5 vs 5 Defense
Defense Defense Time % Phy DF OF
1 Andrej Sustr Paul Ladue 40 1 2 2
2 Ben Chiarot Brian Lee 30 1 2 2
3 Tyler Wotherspoon Anton Cederholm 20 1 2 2
4 Andrej Sustr Paul Ladue 10 1 2 2
PowerPlay Forward
Center Left Wing Right Wing Time % Phy DF OF
1 Sidney Crosby Jake Guentzel Michael Grabner 60 0 2 3
2 Evgeny Grachev Guillaume Latendresse Alex Chiasson 40 0 2 3
PowerPlay Defense
Defense Defense Time % Phy DF OF
1 Andrej Sustr Paul Ladue 60 1 2 2
2 Ben Chiarot Brian Lee 40 1 2 2
Penalty Kill 4 Players Forward
Center Wing Time % Phy DF OF
1 Sidney Crosby Jake Guentzel 60 1 2 2
2 Evgeny Grachev Guillaume Latendresse 40 1 2 2
Penalty Kill 4 Players Defense
Defense Defense Time % Phy DF OF
1 Andrej Sustr Paul Ladue 60 0 3 2
2 Ben Chiarot Brian Lee 40 0 3 2
Penalty Kill - 3 Players Forward
Forward Time % Phy DF OF
1 Sidney Crosby 60 1 2 2
2 Evgeny Grachev 40 1 2 2
Penalty Kill - 3 Players Defense
Defense Defense Time % Phy DF OF
1 Andrej Sustr Paul Ladue 60 0 3 2
2 Ben Chiarot Brian Lee 40 0 3 2
4 vs 4 Forward
Center Wing Time % Phy DF OF
1 Sidney Crosby Jake Guentzel 60 0 2 3
2 Evgeny Grachev Guillaume Latendresse 40 0 2 3
4 vs 4 Defense
Defense Defense Time % Phy DF OF
1 Andrej Sustr Paul Ladue 60 1 2 2
2 Ben Chiarot Brian Lee 40 1 2 2
Last Minutes Offensive
Center Left Wing Right Wing Defense Defense
Sidney Crosby Jake Guentzel Michael Grabner Andrej Sustr Paul Ladue
Last Minutes Defensive
Center Left Wing Right Wing Defense Defense
Sidney Crosby Jake Guentzel Michael Grabner Andrej Sustr Paul Ladue
Goaltenders
Starting : Jhonas Enroth
Backup : Matt Murray
Extra Forwards
Normal : Alex Chiasson, Tobias Rieder, Evgeny Grachev - PP : Alex Chiasson, Tobias Rieder - PK : Alex Chiasson
Extra Defensemen
Normal : Brian Lee, Tyler Wotherspoon, Anton Cederholm - PP : Brian Lee - PK : Brian Lee, Tyler Wotherspoon
Penalty Shots
Sidney Crosby, Michael Grabner, Jake Guentzel, Guillaume Latendresse, Alex Chiasson
Custom OT Lines Forwards
Sidney Crosby, Michael Grabner, Jake Guentzel, Guillaume Latendresse, Alex Chiasson, Tobias Rieder, Evgeny Grachev, Cam Atkinson, Scott Kosmachuck, Evgeny Kuznetsov
Custom OT Lines Defensemen
Andrej Sustr, Paul Ladue, Ben Chiarot, Brian Lee, Tyler Wotherspoon
Scratches
Andrew Ladd (Sprained Right Ankle Injury), Boris Valabik (Torn Left Knee Ligaments Injury)
% Time on Ice - Kings
Lines # - Real PCT - Wanted PCT - Time Play
Normal Forward
1 - 29% - 30% - 16:16
2 - 32% - 30% - 18:08
3 - 21% - 20% - 11:39
4 - 18% - 20% - 9:59
Normal Defense
1 - 36% - 35% - 20:13
2 - 35% - 35% - 19:23
3 - 29% - 30% - 16:26
4 - 0% - 0% - 0:00
PP Forward
1 - 73% - 60% - 1:27
2 - 27% - 40% - 0:32
PP Defense
1 - 70% - 70% - 1:23
2 - 30% - 30% - 0:36
PK Forward
1 - 81% - 60% - 1:36
2 - 19% - 40% - 0:23
PK Defense
1 - 47% - 60% - 0:56
2 - 53% - 40% - 1:03
PK3 Forward
1 - 0% - 60%
2 - 0% - 40%
PK3 Defense
1 - 0% - 60%
2 - 0% - 40%
44 Forward
1 - 0% - 60%
2 - 0% - 40%
44 Defense
1 - 0% - 60%
2 - 0% - 40%
Last Minute Offensive - 0:00
Last Minute Defensive - 0:00
Total
Forward - 60:00
Defense - 60:00
|
% Time on Ice - Stars
Lines # - Real PCT - Wanted PCT - Time Play
Normal Forward
1 - 31% - 40% - 17:35
2 - 33% - 30% - 18:23
3 - 19% - 20% - 10:53
4 - 16% - 10% - 9:11
Normal Defense
1 - 37% - 40% - 20:39
2 - 32% - 30% - 18:00
3 - 26% - 20% - 14:39
4 - 5% - 10% - 2:44
PP Forward
1 - 55% - 60% - 1:06
2 - 45% - 40% - 0:53
PP Defense
1 - 43% - 60% - 0:51
2 - 57% - 40% - 1:08
PK Forward
1 - 71% - 60% - 1:25
2 - 29% - 40% - 0:34
PK Defense
1 - 56% - 60% - 1:07
2 - 44% - 40% - 0:52
PK3 Forward
1 - 0% - 60%
2 - 0% - 40%
PK3 Defense
1 - 0% - 60%
2 - 0% - 40%
44 Forward
1 - 0% - 60%
2 - 0% - 40%
44 Defense
1 - 0% - 60%
2 - 0% - 40%
Last Minute Offensive - 0:00
Last Minute Defensive - 0:00
Total
Forward - 60:00
Defense - 60:00
|
Play-by-Play
1st period
0:01 of 1st period - Sidney Crosby wins face-off versus John Tavares in neutral zone.
0:12 of 1st period - Snap shot by Jake Guentzel.
0:12 of 1st period - Shot Misses the Net.
0:33 of 1st period - Wrist shot by Auston Matthews.
0:33 of 1st period - Shot Misses the Net.
0:35 of 1st period - Slapshot by Aaron Ekblad.
0:35 of 1st period - Shot Blocked by Ben Chiarot.
1:29 of 1st period - Wrist shot by Mikko Rantanen.
1:29 of 1st period - Stopped by Jhonas Enroth with a rebound.
1:31 of 1st period - Slapshot by Jared Cowen.
1:31 of 1st period - Shot Misses the Net.
1:37 of 1st period - Snap shot by Chris Tierney.
1:37 of 1st period - Goal by Chris Tierney - Kings : 1 - Stars : 0.
1:38 of 1st period - Sidney Crosby wins face-off versus Garnet Hathaway in neutral zone.
2:49 of 1st period - Andrej Sustr is hit by William Nylander and loses puck.
3:27 of 1st period - Evgeny Kuznetsov is hit by Colton Parayko and loses puck.
3:54 of 1st period - Wrist shot by Cam Atkinson.
3:54 of 1st period - Stopped by Ondrej Pavelec without a rebound.
3:55 of 1st period - Sidney Crosby wins face-off versus John Tavares in Kings zone.
3:59 of 1st period - Icing by Jared Cowen.
4:00 of 1st period - John Tavares wins face-off versus Sidney Crosby in Kings zone.
4:11 of 1st period - Wrist shot by Sidney Crosby.
4:11 of 1st period - Stopped by Ondrej Pavelec without a rebound.
4:12 of 1st period - Auston Matthews wins face-off versus Sidney Crosby in Kings zone.
5:00 of 1st period - Garnet Hathaway is hit by Anton Cederholm and loses puck.
5:09 of 1st period - Snap shot by Scott Kosmachuck.
5:09 of 1st period - Stopped by Ondrej Pavelec with a rebound.
5:34 of 1st period - Wrist shot by Jonathan Drouin.
5:34 of 1st period - Shot Hit the Post.
6:04 of 1st period - Adam Fox is hit by Guillaume Latendresse and loses puck.
6:27 of 1st period - Jared Cowen is hit by Adam Tambellini and loses puck.
6:44 of 1st period - Wrist shot by Garnet Hathaway.
6:44 of 1st period - Shot Misses the Net.
6:46 of 1st period - Slapshot by Jared Cowen.
6:46 of 1st period - Stopped by Jhonas Enroth with a rebound.
6:48 of 1st period - Slapshot by Jared Cowen.
6:48 of 1st period - Shot Misses the Net.
6:50 of 1st period - Slapshot by Adam Fox.
6:50 of 1st period - Stopped by Jhonas Enroth with a rebound.
6:52 of 1st period - Snap shot by Garnet Hathaway.
6:52 of 1st period - Shot Misses the Net.
7:08 of 1st period - Snap shot by Tobias Rieder.
7:08 of 1st period - Stopped by Ondrej Pavelec without a rebound.
7:09 of 1st period - Evgeny Kuznetsov wins face-off versus John Tavares in Kings zone.
7:32 of 1st period - Quinn Hughes is hit by Ben Chiarot and loses puck.
7:49 of 1st period - Snap shot by Matt Martin.
7:49 of 1st period - Shot Misses the Net.
8:12 of 1st period - Ben Chiarot is hit by Matt Martin and loses puck.
8:25 of 1st period - Slapshot by John Tavares.
8:25 of 1st period - Shot Misses the Net.
8:41 of 1st period - Snap shot by Mitch Marner.
8:41 of 1st period - Goal by Mitch Marner - Kings : 2 - Stars : 0.
8:42 of 1st period - Sidney Crosby wins face-off versus Mikko Rantanen in neutral zone.
9:42 of 1st period - Snap shot by Scott Kosmachuck.
9:42 of 1st period - Stopped by Ondrej Pavelec with a rebound.
9:54 of 1st period - Slapshot by Mikko Rantanen.
9:54 of 1st period - Stopped by Jhonas Enroth with a rebound.
9:56 of 1st period - Backhand shot by Chris Tierney.
9:56 of 1st period - Shot Misses the Net.
9:58 of 1st period - Wrist shot by Chris Tierney.
9:58 of 1st period - Shot Hit the Post.
10:13 of 1st period - Aaron Ekblad is hit by Guillaume Latendresse.
11:20 of 1st period - Snap shot by Scott Kosmachuck.
11:20 of 1st period - Goal by Scott Kosmachuck - Kings : 2 - Stars : 1.
11:21 of 1st period - Auston Matthews wins face-off versus Sidney Crosby in neutral zone.
11:47 of 1st period - Guillaume Latendresse is hit by Adrian Kempe and loses puck.
12:06 of 1st period - Minor Penalty to Paul Ladue for Hooking.
12:07 of 1st period - Sidney Crosby wins face-off versus Auston Matthews in Stars zone.
12:40 of 1st period - Snap shot by Sam Bennett.
12:40 of 1st period - Deflect By Jonathan Drouin.
12:40 of 1st period - Shot Blocked by Ben Chiarot.
12:40 of 1st period - Puck is out of play.
12:41 of 1st period - Sidney Crosby wins face-off versus Sam Bennett in Stars zone.
12:52 of 1st period - Slapshot by Auston Matthews.
12:52 of 1st period - Stopped by Jhonas Enroth without a rebound.
12:53 of 1st period - Auston Matthews wins face-off versus Evgeny Grachev in Stars zone.
13:10 of 1st period - Slapshot by Mikko Rantanen.
13:10 of 1st period - Stopped by Jhonas Enroth with a rebound.
13:47 of 1st period - Slapshot by Mitch Marner.
13:47 of 1st period - Stopped by Jhonas Enroth without a rebound.
13:48 of 1st period - Sidney Crosby wins face-off versus Sam Bennett in Stars zone.
13:48 of 1st period - Sidney Crosby is hit by Adrian Kempe.
14:06 of 1st period - Penalty to Paul Ladue is over, Paul Ladue is back on ice.
14:26 of 1st period - Backhand shot by Evgeny Grachev.
14:26 of 1st period - Stopped by Ondrej Pavelec with a rebound.
14:30 of 1st period - Slapshot by Evgeny Grachev.
14:30 of 1st period - Stopped by Ondrej Pavelec with a rebound.
14:32 of 1st period - Slapshot by Tyler Wotherspoon.
14:32 of 1st period - Stopped by Ondrej Pavelec with a rebound.
14:34 of 1st period - Slapshot by Anton Cederholm.
14:34 of 1st period - Stopped by Ondrej Pavelec with a rebound.
14:36 of 1st period - Snap shot by Tyler Wotherspoon.
14:36 of 1st period - Stopped by Ondrej Pavelec with a rebound.
14:38 of 1st period - Backhand shot by Evgeny Grachev.
14:38 of 1st period - Goal by Evgeny Grachev - Kings : 2 - Stars : 2.
14:39 of 1st period - Auston Matthews wins face-off versus Sidney Crosby in neutral zone.
15:15 of 1st period - Slapshot by Matt Martin.
15:15 of 1st period - Stopped by Jhonas Enroth without a rebound.
15:16 of 1st period - Evgeny Grachev wins face-off versus Auston Matthews in Stars zone.
15:25 of 1st period - Snap shot by Alex Chiasson.
15:25 of 1st period - Stopped by Ondrej Pavelec with a rebound.
16:33 of 1st period - Wrist shot by Cam Atkinson.
16:33 of 1st period - Shot Blocked by Colton Parayko.
16:35 of 1st period - Slapshot by Tobias Rieder.
16:35 of 1st period - Stopped by Ondrej Pavelec with a rebound.
16:37 of 1st period - Slapshot by Anton Cederholm.
16:37 of 1st period - Shot Misses the Net.
16:39 of 1st period - Slapshot by Anton Cederholm.
16:39 of 1st period - Deflect By Cam Atkinson.
16:39 of 1st period - Shot Misses the Net.
16:39 of 1st period - Puck is out of play.
16:40 of 1st period - John Tavares wins face-off versus Evgeny Grachev in Kings zone.
16:50 of 1st period - Wrist shot by John Tavares.
16:50 of 1st period - Shot Misses the Net.
17:08 of 1st period - Icing by Jared Cowen.
17:09 of 1st period - Sidney Crosby wins face-off versus Auston Matthews in Kings zone.
17:12 of 1st period - Snap shot by Michael Grabner.
17:12 of 1st period - Deflect By Sidney Crosby.
17:12 of 1st period - Shot Misses the Net.
17:12 of 1st period - Puck is out of play.
17:13 of 1st period - Auston Matthews wins face-off versus Sidney Crosby in Kings zone.
17:22 of 1st period - Snap shot by Jake Guentzel.
17:22 of 1st period - Stopped by Ondrej Pavelec with a rebound.
17:30 of 1st period - Wrist shot by Jake Guentzel.
17:30 of 1st period - Stopped by Ondrej Pavelec with a rebound.
17:32 of 1st period - Snap shot by Jake Guentzel.
17:32 of 1st period - Stopped by Ondrej Pavelec without a rebound.
17:33 of 1st period - Sam Bennett wins face-off versus Evgeny Grachev in Kings zone.
18:22 of 1st period - Mikko Rantanen is hit by Andrej Sustr and loses puck.
18:35 of 1st period - Wrist shot by Guillaume Latendresse.
18:35 of 1st period - Shot Misses the Net.
18:37 of 1st period - Wrist shot by Evgeny Grachev.
18:37 of 1st period - Stopped by Ondrej Pavelec without a rebound.
18:38 of 1st period - Sidney Crosby wins face-off versus Garnet Hathaway in Kings zone.
19:08 of 1st period - Off-side.
19:09 of 1st period - Sam Bennett wins face-off versus Sidney Crosby in neutral zone.
19:16 of 1st period - Wrist shot by Jonathan Drouin.
19:16 of 1st period - Shot Misses the Net.
19:18 of 1st period - Wrist shot by Sam Bennett.
19:18 of 1st period - Stopped by Jhonas Enroth with a rebound.
Goals for this period are 2 for Kings vs 2 for Stars.
Shots for this period are 11 for Kings vs 18 for Stars.
2nd period
0:01 of 2nd period - Sidney Crosby wins face-off versus Matthew Tkachuk in neutral zone.
0:08 of 2nd period - Snap shot by Adrian Kempe.
0:08 of 2nd period - Stopped by Jhonas Enroth with a rebound.
0:10 of 2nd period - Snap shot by Garnet Hathaway.
0:10 of 2nd period - Stopped by Jhonas Enroth without a rebound.
0:11 of 2nd period - Auston Matthews wins face-off versus Sidney Crosby in Stars zone.
0:14 of 2nd period - Snap shot by Chris Tierney.
0:14 of 2nd period - Shot Misses the Net.
0:24 of 2nd period - Wrist shot by Jake Guentzel.
0:24 of 2nd period - Stopped by Ondrej Pavelec with a rebound.
0:26 of 2nd period - Snap shot by Jake Guentzel.
0:26 of 2nd period - Shot Misses the Net.
0:28 of 2nd period - Slapshot by Michael Grabner.
0:28 of 2nd period - Shot Misses the Net.
0:38 of 2nd period - John Tavares is hit by Paul Ladue and loses puck.
1:01 of 2nd period - Colton Parayko is hit by Evgeny Kuznetsov and loses puck.
2:02 of 2nd period - Snap shot by Anton Cederholm.
2:02 of 2nd period - Shot Blocked by Quinn Hughes.
2:04 of 2nd period - Snap shot by Alex Chiasson.
2:04 of 2nd period - Shot Misses the Net.
2:06 of 2nd period - Snap shot by Alex Chiasson.
2:06 of 2nd period - Stopped by Ondrej Pavelec without a rebound.
2:07 of 2nd period - Evgeny Grachev wins face-off versus Garnet Hathaway in Kings zone.
2:12 of 2nd period - Snap shot by Evgeny Grachev.
2:12 of 2nd period - Shot Misses the Net.
2:18 of 2nd period - Paul Ladue is hit by Garnet Hathaway and loses puck.
2:23 of 2nd period - Wrist shot by Matthew Tkachuk.
2:23 of 2nd period - Stopped by Jhonas Enroth without a rebound.
2:24 of 2nd period - Sidney Crosby wins face-off versus John Tavares in Stars zone.
2:24 of 2nd period - Sidney Crosby is hit by John Tavares.
2:40 of 2nd period - Snap shot by Jake Guentzel.
2:40 of 2nd period - Shot Blocked by John Tavares.
2:54 of 2nd period - Wrist shot by Mikko Rantanen.
2:54 of 2nd period - Stopped by Jhonas Enroth with a rebound.
2:56 of 2nd period - Slapshot by Adam Fox.
2:56 of 2nd period - Shot Misses the Net.
3:02 of 2nd period - Slapshot by Mikko Rantanen.
3:02 of 2nd period - Stopped by Jhonas Enroth without a rebound.
3:03 of 2nd period - Jonathan Drouin wins face-off versus Sidney Crosby in Stars zone.
3:08 of 2nd period - Slapshot by Jonathan Drouin.
3:08 of 2nd period - Shot Misses the Net.
3:10 of 2nd period - Snap shot by William Nylander.
3:10 of 2nd period - Shot Misses the Net.
3:12 of 2nd period - Slapshot by Colton Parayko.
3:12 of 2nd period - Deflect By Jake Guentzel.
3:12 of 2nd period - Stopped by Jhonas Enroth without a rebound.
3:13 of 2nd period - Sidney Crosby wins face-off versus Sam Bennett in Stars zone.
3:50 of 2nd period - Snap shot by Sam Bennett.
3:50 of 2nd period - Stopped by Jhonas Enroth without a rebound.
3:51 of 2nd period - Evgeny Grachev wins face-off versus Auston Matthews in Stars zone.
3:51 of 2nd period - Evgeny Grachev is hit by Auston Matthews.
4:40 of 2nd period - Ben Chiarot is hit by Garnet Hathaway and loses puck.
5:45 of 2nd period - Snap shot by Adam Tambellini.
5:45 of 2nd period - Shot Blocked by Chris Tierney.
5:47 of 2nd period - Wrist shot by Henrik Borgstrom.
5:47 of 2nd period - Shot Misses the Net.
5:49 of 2nd period - Snap shot by Henrik Borgstrom.
5:49 of 2nd period - Goal by Henrik Borgstrom - Kings : 2 - Stars : 3.
5:50 of 2nd period - Sidney Crosby wins face-off versus John Tavares in neutral zone.
6:03 of 2nd period - Snap shot by Jake Guentzel.
6:03 of 2nd period - Shot Blocked by Mitch Marner.
6:17 of 2nd period - Guillaume Latendresse is hit by Matthew Tkachuk and loses puck.
7:06 of 2nd period - Slapshot by Henrik Borgstrom.
7:06 of 2nd period - Stopped by Ondrej Pavelec without a rebound.
7:07 of 2nd period - John Tavares wins face-off versus Sidney Crosby in Kings zone.
7:18 of 2nd period - John Tavares is hit by Michael Grabner and loses puck.
8:08 of 2nd period - Slapshot by Mikko Rantanen.
8:08 of 2nd period - Stopped by Jhonas Enroth with a rebound.
8:42 of 2nd period - Mitch Marner is hit by Guillaume Latendresse and loses puck.
9:07 of 2nd period - Slapshot by Scott Kosmachuck.
9:07 of 2nd period - Stopped by Ondrej Pavelec with a rebound.
9:52 of 2nd period - Andrej Sustr is hit by Mikko Rantanen and loses puck.
9:57 of 2nd period - Snap shot by Mikko Rantanen.
9:57 of 2nd period - Stopped by Jhonas Enroth without a rebound.
9:58 of 2nd period - John Tavares wins face-off versus Sidney Crosby in Stars zone.
10:57 of 2nd period - Snap shot by Jonathan Drouin.
10:57 of 2nd period - Stopped by Jhonas Enroth without a rebound.
10:58 of 2nd period - John Tavares wins face-off versus Sidney Crosby in Stars zone.
11:07 of 2nd period - Slapshot by John Tavares.
11:07 of 2nd period - Stopped by Jhonas Enroth with a rebound.
11:09 of 2nd period - Snap shot by Quinn Hughes.
11:09 of 2nd period - Shot Misses the Net.
11:11 of 2nd period - Snap shot by Mitch Marner.
11:11 of 2nd period - Shot Blocked by Paul Ladue.
11:13 of 2nd period - Snap shot by Mitch Marner.
11:13 of 2nd period - Shot Misses the Net.
11:46 of 2nd period - William Nylander is hit by Andrej Sustr and loses puck.
11:53 of 2nd period - Cam Atkinson is hit by Sam Bennett and loses puck.
12:54 of 2nd period - Icing by Tyler Wotherspoon.
12:55 of 2nd period - Evgeny Grachev wins face-off versus Auston Matthews in Stars zone.
12:57 of 2nd period - Icing by Guillaume Latendresse.
12:58 of 2nd period - John Tavares wins face-off versus Evgeny Grachev in Stars zone.
13:09 of 2nd period - Snap shot by John Tavares.
13:09 of 2nd period - Stopped by Jhonas Enroth with a rebound.
13:11 of 2nd period - Snap shot by Mitch Marner.
13:11 of 2nd period - Deflect By Matt Martin.
13:11 of 2nd period - Shot Blocked by Evgeny Grachev.
13:11 of 2nd period - Puck is out of play.
13:12 of 2nd period - Sidney Crosby wins face-off versus Auston Matthews in Stars zone.
14:05 of 2nd period - Snap shot by Evgeny Grachev.
14:05 of 2nd period - Shot Blocked by Marc Staal.
15:20 of 2nd period - Icing by Marc Staal.
15:21 of 2nd period - Sidney Crosby wins face-off versus John Tavares in Kings zone.
15:30 of 2nd period - Slapshot by Michael Grabner.
15:30 of 2nd period - Shot Misses the Net.
16:06 of 2nd period - Alex Chiasson is hit by Marc Staal and loses puck.
16:37 of 2nd period - Wrist shot by John Tavares.
16:37 of 2nd period - Stopped by Jhonas Enroth with a rebound.
16:39 of 2nd period - Wrist shot by John Tavares.
16:39 of 2nd period - Stopped by Jhonas Enroth with a rebound.
16:57 of 2nd period - Snap shot by Mitch Marner.
16:57 of 2nd period - Shot Blocked by Evgeny Grachev.
17:01 of 2nd period - Snap shot by John Tavares.
17:01 of 2nd period - Deflect By Guillaume Latendresse.
17:01 of 2nd period - Shot Misses the Net.
17:01 of 2nd period - Puck is out of play.
17:02 of 2nd period - Auston Matthews wins face-off versus Sidney Crosby in Stars zone.
17:05 of 2nd period - Wrist shot by Mikko Rantanen.
17:05 of 2nd period - Shot Misses the Net.
17:36 of 2nd period - Slapshot by Jared Cowen.
17:36 of 2nd period - Stopped by Jhonas Enroth with a rebound.
18:14 of 2nd period - Snap shot by Michael Grabner.
18:14 of 2nd period - Stopped by Ondrej Pavelec with a rebound.
19:47 of 2nd period - Jared Cowen is hit by Scott Kosmachuck and loses puck.
Goals for this period are 0 for Kings vs 1 for Stars.
Shots for this period are 15 for Kings vs 6 for Stars.
3rd period
0:01 of 3rd period - Sidney Crosby wins face-off versus Auston Matthews in neutral zone.
0:26 of 3rd period - Alex Chiasson is hit by Garnet Hathaway and loses puck.
0:35 of 3rd period - Snap shot by Guillaume Latendresse.
0:35 of 3rd period - Stopped by Ondrej Pavelec with a rebound.
0:37 of 3rd period - Slapshot by Ben Chiarot.
0:37 of 3rd period - Stopped by Ondrej Pavelec without a rebound.
0:38 of 3rd period - Sidney Crosby wins face-off versus John Tavares in Kings zone.
0:55 of 3rd period - Snap shot by Mitch Marner.
0:55 of 3rd period - Shot Misses the Net.
1:55 of 3rd period - Snap shot by Matthew Tkachuk.
1:55 of 3rd period - Shot Blocked by Brian Lee.
1:57 of 3rd period - Slapshot by Colton Parayko.
1:57 of 3rd period - Shot Misses the Net.
2:46 of 3rd period - Slapshot by Andrej Sustr.
2:46 of 3rd period - Stopped by Ondrej Pavelec with a rebound.
3:30 of 3rd period - Minor Penalty to Sam Bennett for Tripping.
3:31 of 3rd period - Sidney Crosby wins face-off versus Chris Tierney in Kings zone.
3:47 of 3rd period - Slapshot by Jake Guentzel.
3:47 of 3rd period - Shot Blocked by Chris Tierney.
3:57 of 3rd period - Garnet Hathaway is hit by Evgeny Grachev and loses puck.
4:36 of 3rd period - Icing by Alex Chiasson.
4:37 of 3rd period - Alex Chiasson wins face-off versus John Tavares in Stars zone.
5:30 of 3rd period - Penalty to Sam Bennett is over, Sam Bennett is back on ice.
5:48 of 3rd period - Snap shot by Tobias Rieder.
5:48 of 3rd period - Goal by Tobias Rieder - Kings : 2 - Stars : 4.
5:49 of 3rd period - Jake Guentzel wins face-off versus Auston Matthews in neutral zone.
6:02 of 3rd period - Wrist shot by Michael Grabner.
6:02 of 3rd period - Shot Misses the Net.
6:04 of 3rd period - Wrist shot by Ben Chiarot.
6:04 of 3rd period - Shot Blocked by Chris Tierney.
6:06 of 3rd period - Snap shot by Ben Chiarot.
6:06 of 3rd period - Stopped by Ondrej Pavelec without a rebound.
6:07 of 3rd period - Evgeny Grachev wins face-off versus John Tavares in Kings zone.
6:08 of 3rd period - Wrist shot by Alex Chiasson.
6:08 of 3rd period - Shot Misses the Net.
6:16 of 3rd period - Snap shot by Alex Chiasson.
6:16 of 3rd period - Stopped by Ondrej Pavelec with a rebound.
7:38 of 3rd period - Snap shot by Adam Fox.
7:38 of 3rd period - Shot Misses the Net.
7:40 of 3rd period - Snap shot by Jonathan Drouin.
7:40 of 3rd period - Deflect By William Nylander.
7:40 of 3rd period - Shot Misses the Net.
7:40 of 3rd period - Puck is out of play.
7:41 of 3rd period - Sam Bennett wins face-off versus Evgeny Grachev in Stars zone.
7:50 of 3rd period - Snap shot by Alex Chiasson.
7:50 of 3rd period - Stopped by Ondrej Pavelec with a rebound.
7:52 of 3rd period - Snap shot by Anton Cederholm.
7:52 of 3rd period - Stopped by Ondrej Pavelec with a rebound.
7:54 of 3rd period - Snap shot by Evgeny Grachev.
7:54 of 3rd period - Deflect By Alex Chiasson.
7:54 of 3rd period - Stopped by Ondrej Pavelec with a rebound.
7:56 of 3rd period - Snap shot by Anton Cederholm.
7:56 of 3rd period - Stopped by Ondrej Pavelec with a rebound.
9:09 of 3rd period - Snap shot by Jonathan Drouin.
9:09 of 3rd period - Shot Blocked by Anton Cederholm.
9:23 of 3rd period - Wrist shot by Alex Chiasson.
9:23 of 3rd period - Stopped by Ondrej Pavelec with a rebound.
9:45 of 3rd period - Wrist shot by William Nylander.
9:45 of 3rd period - Shot Misses the Net.
9:59 of 3rd period - Colton Parayko is hit by Evgeny Grachev.
10:11 of 3rd period - Snap shot by Jonathan Drouin.
10:11 of 3rd period - Stopped by Jhonas Enroth without a rebound.
10:12 of 3rd period - Sidney Crosby wins face-off versus Auston Matthews in Stars zone.
10:21 of 3rd period - Slapshot by Quinn Hughes.
10:21 of 3rd period - Stopped by Jhonas Enroth with a rebound.
11:49 of 3rd period - Marc Staal is hit by Ben Chiarot and loses puck.
12:10 of 3rd period - Marc Staal is hit by Evgeny Kuznetsov and loses puck.
13:16 of 3rd period - Tobias Rieder is hit by Aaron Ekblad.
13:20 of 3rd period - Colton Parayko is hit by Tobias Rieder and loses puck.
13:50 of 3rd period - John Tavares is hit by Scott Kosmachuck and loses puck.
13:59 of 3rd period - Henrik Borgstrom is hit by John Tavares and loses puck.
14:22 of 3rd period - Colton Parayko is hit by Cam Atkinson and loses puck.
18:23 of 3rd period - Sam Bennett is hit by Evgeny Grachev and loses puck.
Goals for this period are 0 for Kings vs 1 for Stars.
Shots for this period are 2 for Kings vs 11 for Stars.